 Dungeon Crawl Stone Soup version 0.21-a0-538-gd16b88a (webtiles) character file.

111 slep the Shield-Bearer (level 5, 0/42 HPs)
             Began as a Formicid Fighter on Dec 16, 2017.
             Slain by an orc
             ... wielding a +0 whip
              (1 damage)
             ... on level 4 of the Dungeon.
             The game lasted 00:05:23 (1532 turns).

slep the Shield-Bearer (Formicid Fighter)           Turns: 1532, Time: 00:05:23

Health: 0/42       AC:  7    Str: 21    XL:     5   Next: 15%
Magic:  0/5        EV:  8    Int:  7    God:
Gold:   132        SH:  9    Dex: 11    Spells: 4/4 levels left

rFire    . . .     SeeInvis +   a - +0 war axe
rCold    . . .     Gourm    .   c - +0 shield
rNeg     . . .     Faith    .   b - +0 scale mail
rPois    .         Spirit   +   (helmet unavailable)
rElec    .         Reflect  .   g - scarf {Spirit}
rCorr    .         Harm     .   (no gloves)
MR       .....                  (no boots)
Stlth    ..........             j - amulet of guardian spirit
HPRegen  0.14/turn              (no ring)
MPRegen  0.09/turn              (no ring)

@: starving
A: permanent stasis, dig shafts and tunnels, four strong arms, antennae 3
a: Dig, Shaft Self


You were on level 4 of the Dungeon.
You were starving.

You visited 1 branch of the dungeon, and saw 4 of its levels.

You collected 132 gold pieces.

Inventory:

Hand Weapons
 a - a +0 war axe (weapon)
Missiles
 n - 5 javelins (quivered)
Armour
 b - a +0 scale mail (worn)
 c - a +0 shield (worn)
 g - a scarf of spirit shield (worn)
 q - a cursed +0 robe
Jewellery
 j - an amulet of guardian spirit (around neck)
 p - an uncursed ring of stealth {unknown}
Scrolls
 e - 2 scrolls of teleportation {unknown}
 k - 4 scrolls of identify {unknown}
 m - 3 scrolls of amnesia {unknown}
 o - a scroll of blinking {unknown}
Potions
 d - a potion of might
 h - 2 potions of flight {unknown}
 i - 4 potions of curing {unknown}
 l - a potion of brilliance {unknown}
 r - a potion of cancellation {unknown}
Books
 s - a book of Cantrips

   Spells                             Type                      Level
   a - Confusing Touch                Hexes                        1
   b - Animate Skeleton               Necromancy                   1
   c - Summon Small Mammal            Summoning                    1
   d - Apportation                    Translocation                1
Comestibles
 f - 2 bread rations
 t - a meat ration


   Skills:
 + Level 3.9 Fighting
 + Level 3.2 Axes
 + Level 4.1 Armour
 + Level 0.5 Dodging
 + Level 4.3 Shields


You had 4 spell levels left.
You didn't know any spells.

Dungeon Overview and Level Annotations

Branches:
Dungeon (4/15)
 Temple: D:4-7

Altars:


Innate Abilities, Weirdness & Mutations

You cannot be hasted, slowed, berserked, paralysed or teleported.
You can dig through walls and to a lower floor.
Your four strong arms can wield two-handed weapons with a shield.
You have a pair of large antennae on your head. (SInv)


Message History

* * * LOW HITPOINT WARNING * * *
You barely miss the orc.
The orc is moderately wounded.
The orc hits you but does no damage. You block the orc's attack.
The orc closely misses you.
You closely miss the orc.
The orc is moderately wounded.
The orc hits you from afar with a trident.
* * * LOW HITPOINT WARNING * * *
The orc hits you but does no damage.
You hit the orc but do no damage.
The orc is moderately wounded.
You block the orc's attack. x2
The orc hits you from afar with a trident!
* * * LOW HITPOINT WARNING * * *
The orc hits you but does no damage.
Your shield and scale mail prevent you from hitting the orc.
The orc is moderately wounded.
You block the orc's attack. The orc hits you with a whip.
You die...

#.# #.#
#.# #.#
#.#
#######.#
#.......#
#.#######
#@# #o#
#o# #o#
#o# .o#
... ###


You could see 5 orcs.

Vanquished Creatures
  5 adders
  A shadow imp (D:3)
  A worm (D:3)
  2 leopard geckos (D:3)
  2 bats
  5 giant cockroaches (D:1)
  9 goblins
  10 hobgoblins (D:1)
  7 frilled lizards
  6 kobolds
  5 rats
53 creatures vanquished.

Notes
Turn   | Place    | Note
-------+----------+-------------------------------------------
     0 | D:1      | slep the Formicid Fighter began the quest for the Orb.
     0 | D:1      | Reached XP level 1. HP: 18/18 MP: 1/1
    94 | D:1      | Reached XP level 2. HP: 20/24 MP: 2/2
   283 | D:1      | Reached XP level 3. HP: 30/30 MP: 3/3
   674 | D:2      | Reached XP level 4. HP: 37/37 MP: 4/4
  1420 | D:3      | Reached XP level 5. HP: 15/42 MP: 1/5
  1531 | D:4      | HP: 1/42 [orc/trident (7)]
  1532 | D:4      | Slain by an orc

Vault maps used:
D:1:      giann_wishing_wells
D:4:      serial_shops, shop

Skill      XL: |  1  2  3  4  5 |
---------------+----------------+-----
Axes           | 3 |  3.2
Shields        | 4 |  4.3
Armour         | 4 |  4.1
Fighting       | |  3.9
Dodging        | |  0.5

Action                   |  1- 3 |  4- 6 || total
-------------------------+-------+-------++-------
Melee: War axe           |    89 |   106 ||   195
Armor: Scale mail        |    37 |    42 ||    79
Dodge: Dodged            |    33 |    29 ||    62
Block: Shield            |    53 |    62 ||   115

Table legend:
 A = Spawn XP
 B = Non-spawn XP
 C = Spawn XP percentage of total XP
 D = Spawn monster count
 E = Non-spawn monster count
 F = Spawn count percentage of total count
 G = Total turns spent on level
                    A         B        C        D         E        F      G
               +---------+---------+-------+---------+---------+-------+---------
         Total |       0 |     159 |   0.0 |       0 |      53 |   0.0 |  1532
               +---------+---------+-------+---------+---------+-------+---------
           D:1 |       0 |      51 |   0.0 |       0 |      30 |   0.0 |   498
           D:2 |       0 |      66 |   0.0 |       0 |      14 |   0.0 |   882
           D:3 |       0 |      42 |   0.0 |       0 |       9 |   0.0 |   118
               +---------+---------+-------+---------+---------+-------+---------
